 Dungeon Crawl Stone Soup version 0.29-a0-732-g3d7fbe0af2 (webtiles) character file.

Game seed: 4258559135220442709

2 dualclasshuman the Slasher (level 1, -2/17 HPs)
             Began as a Draconian Gladiator on June 29, 2022.
             Slain by a goblin
             ... wielding a +0 club
              (4 damage)
             ... on level 2 of the Dungeon.
             The game lasted 00:00:49 (169 turns).

dualclasshuman the Slasher (Draconian Gladiator)     Turns: 169, Time: 00:00:49

Health: -2/17      AC:  4    Str: 16    XL:     1   Next: 25%
Magic:  1/1        EV: 12    Int:  8    God:
Gold:   13         SH:  0    Dex: 12    Spells: 0/0 levels left

rFire   . . .      SeeInvis .   a - +0 long sword
rCold   . . .      Faith    .   (no shield)
rNeg    . . .      Spirit   .   (body armour unavailable)
rPois   .          Reflect  .   b - +0 hat
rElec   .          Harm     .   (no cloak)
rCorr   .          Rampage  .   (no gloves)
Will    .....                   (no boots)
Stlth   +.........              (no amulet)
HPRegen 0.05/turn               (no ring)
MPRegen 0.07/turn               (no ring)

@: no status effects
A: AC +4, unfitting armour, cold-blooded
a: no special abilities


You were on level 2 of the Dungeon.
You visited 1 branch of the dungeon, and saw 2 of its levels.

You collected 13 gold pieces.

Inventory:

Hand Weapons
 a - a +0 long sword (weapon)
Missiles
 c - 3 throwing nets (quivered)
 d - a javelin
Armour
 b - a +0 hat (worn)


   Skills:
 * Level 2.2 Fighting
 + Level 3.0 Long Blades
 + Level 1.8 Throwing
 * Level 2.7 Dodging


You couldn't memorise any spells.
You didn't know any spells.
Your spell library was empty.

Dungeon Overview and Level Annotations

Branches:
Dungeon (1/15)

Altars:


Innate Abilities, Weirdness & Mutations

Your plain brown scales are hard. (AC +4)
You cannot fit into any form of body armour.
You are cold-blooded and may be slowed by cold attacks.


Message History

The frilled lizard completely misses you.
The frilled lizard unfolds its giant frill.
Found a stone.
The frilled lizard attacks as you move away!
The frilled lizard barely misses you.
The frilled lizard attacks as you move away!
The frilled lizard closely misses you.
The frilled lizard attacks as you move away!
The frilled lizard bites you.
Found a stone staircase leading down.
An adder and 2 goblins come into view.
The goblin shouts! x2; The adder hisses angrily.
The frilled lizard bites you.
* * * LOW HITPOINT WARNING * * *
The frilled lizard attacks as you move away!
The frilled lizard bites you.
* * * LOW HITPOINT WARNING * * *
Sorry, you're not good enough to have a special ability.
You aren't carrying any potions.
Throw: 3 throwing nets
Press: ? - help, Q - select action, (/) - cycle Shift-Dir - straight line, f - frilled lizard
Aim: a frilled lizard (38% to hit)
You throw a throwing net.
The throwing net barely misses the frilled lizard.
The adder barely misses you.
The frilled lizard completely misses you.
The adder barely misses you.
You barely miss the frilled lizard. The goblin closely misses you.
The frilled lizard misses you. The adder barely misses you.
Unknown command.
You slash the frilled lizard!
You kill the frilled lizard!
The adder closely misses you. The goblin barely misses you.
The adder closely misses you. The goblin barely misses you.
The goblin attacks as you move away! The goblin barely misses you.
Things that are here:
a throwing net; a frilled lizard corpse
c - 3 throwing nets (gained 1)
The adder closely misses you. The goblin hits you with a +0 club.
You die...

#..#.........#
#..###..####.#
##### ...###..#
#.#(....
#..?.......##.#..#
..#####.##.......#
###.#####.##....#
#.........# .#.#
#.######### ..
##@## ..


#gSg# # #...# #..># #...# #...# ..... ...... ....... You could see an adder and
2 goblins.

Vanquished Creatures
  A hobgoblin (D:1)
  A frilled lizard (D:2)
2 creatures vanquished.

Notes
Turn   | Place    | Note
-------+----------+-------------------------------------------
     0 | D:1      | dualclasshuman the Draconian Gladiator began the quest for
                  | the Orb.
     0 | D:1      | Reached XP level 1. HP: 17/17 MP: 1/1
   119 | D:1      | You fall into a shaft and drop 1 floor!
   169 | D:2      | Slain by a goblin

Illustrated notes

Levels and vault maps discovered:
D:1:      dpeg_arrival_radiant, layout_rooms, hex_medium
D:2:      layout_loops_cross, serial_shops,
          nicolae_shop_temple_entry_statues_fountains, minmay_liquid_box,
          uniq_sigmund, uniq_crazy_yiuf_cottage

Action                   || total
-------------------------++-------
Melee: Long sword        ||     9
       Tailslap          ||     1
Throw: Throwing net      ||     1
Armor: Skin              ||     2
Dodge: Dodged            ||    17

Table legend: (Time is in decaauts)
 A = Elapsed time spent in this place.
 B = Non-inter-level travel time spent in this place.
 C = Inter-level travel time spent in this place.
 D = Time resting spent in this place.
 E = Time spent auto-exploring this place.
 F = Levels seen in this place.
 G = Mean time per level.
                   A        B        C        D        E       F      G
               +--------+--------+--------+--------+--------+-----+--------+
         Total |    170 |    170 |      0 |      0 |    115 |   2 |   85.0 |
       Dungeon |    170 |    170 |      0 |      0 |    115 |   2 |   85.0 |
               +--------+--------+--------+--------+--------+-----+--------+

Top non-repeatable levels by time:
     D:1: 120 daAuts
     D:2: 50 daAuts
